 Dungeon Crawl Stone Soup version 0.28.0 (webtiles) character file.

Game seed: 18155623864865269909

40 Ayyar the Skirmisher (level 3, -6/29 HPs)
             Began as a Human Abyssal Knight on Mar 21, 2022.
             Was a Follower of Lugonu.
             Killed by divine providence
             ... invoked by an orc priest
              (11 damage)
             ... on level 3 of the Dungeon on Mar 30, 2022.
             The game lasted 00:08:06 (1903 turns).

Ayyar the Skirmisher (Human Abyssal Knight)         Turns: 1903, Time: 00:08:06

Health: -6/29      AC:  3    Str: 15    XL:     3   Next: 72%
Magic:  4/4        EV: 11    Int: 10    God:    Lugonu [*.....]
Gold:   76         SH:  0    Dex: 13    Spells: 2/2 levels left

rFire   . . .      SeeInvis .   a - +1 falchion
rCold   . . .      Faith    .   (no shield)
rNeg    . . .      Spirit   .   b - +0 leather armour
rPois   .          Reflect  .   (no helmet)
rElec   .          Harm     .   (no cloak)
rCorr   .          Rampage  .   (no gloves)
Will    .....                   (no boots)
Stlth   +.........              (no amulet)
HPRegen 0.09/turn               (no ring)
MPRegen 0.09/turn               (no ring)

@: lethally poisoned (-6 -> -13)
A: no striking features
a: Renounce Religion, Depart the Abyss


You were on level 3 of the Dungeon.
You worshipped Lugonu.
Lugonu was aware of your devotion.
You visited 1 branch of the dungeon, and saw 3 of its levels.
You visited the Abyss 1 time.

You collected 76 gold pieces.

Inventory:

Hand Weapons
 a - a +1 falchion (weapon)
Missiles
 e - 11 poisoned darts (quivered)
Armour
 b - a +0 leather armour (worn)
Scrolls
 d - 2 scrolls of identify {unknown}
 f - 2 scrolls of fear {unknown}
 g - 2 scrolls of summoning {unknown}
 i - a scroll of teleportation {unknown}
Potions
 c - a potion of degeneration {unknown}
 h - a potion of heal wounds {unknown}
 j - a potion of curing {unknown}


   Skills:
 + Level 3.3 Fighting
 + Level 2.4 Long Blades
 + Level 2.3 Armour
 + Level 1.6 Dodging
 + Level 2.5 Invocations


You had 2 spell levels left.
You didn't know any spells.
Your spell library contained the following spells:

 Spells                   Type           Power      Damage    Failure   Level
 Leda's Liquefaction      Hex/Erth       0%         N/A       99%         4
 Lee's Rapid Deconstruct  Erth           0%         3d5*      100%        5
 Statue Form              Tmut/Erth      0%         N/A       100%        6


Dungeon Overview and Level Annotations

Branches:
Dungeon (3/15)

Altars:


Message History

The orc shouts! x2; You hear a shout!
You throw a poisoned dart.
The poisoned dart closely misses the orc.
An orc comes into view. It is wielding a +0 hand axe.
A rat comes into view.
You see here a +0 dagger.
You barely miss the rat. The rat closely misses you. x2
You slash the rat!
You kill the rat!
Lugonu accepts your kill.
You barely miss the orc. The orc hits you with a +0 club.
You hit the orc.
The orc is heavily wounded.
The orc barely misses you.
You barely miss the orc. You slash the orc!
You kill the orc!
Lugonu accepts your kill.
You barely miss the orc.
The orc is heavily wounded.
The orc barely misses you.
You hit the orc.
You kill the orc!
Lugonu accepts your kill.
An orc priest comes into view.
It is wielding a +0 flail and wearing a +0 ring mail of willpower.
You closely miss the orc.
The orc hits you with a +2 dagger of venom.
You are poisoned.
The orc priest invokes the aid of Beogh against you.
Beogh smites you!
You hit the orc.
The orc is lightly wounded.
* * * LOW HITPOINT WARNING * * *
You feel very sick. The orc completely misses you.
* * * LOW HITPOINT WARNING * * *
You feel sick.
The orc priest mumbles some strange prayers to Beogh against you.
Beogh smites you!
You die...

... #.###...........# ...
#..##.###...).......# #...
......##............# ....#
#.# #...o#..........# #.#..
..## #o....#.........# ......
##...# #.###...........#
..#...##..#.#
#o#####..##....##
#........##.###o##..........##
#......<..#.##@.............#
........#†)..<..#...###.....#
........>.................###
..........#........#....#...#
................###..##.....#
.............##.##..####....#
.........................####
...................#######
..#...........####


You could see an orc priest and 2 orcs.

Vanquished Creatures
  An adder (D:2)
  A dart slug (D:2)
  2 orcs (D:3)
  2 endoplasms (D:2)
  2 giant cockroaches (D:1)
  2 goblins (D:1)
  A hobgoblin (D:3)
  2 kobolds (D:2)
  3 quokkas
  4 ball pythons
  3 bats
  4 rats
27 creatures vanquished.

Notes
Turn   | Place    | Note
-------+----------+-------------------------------------------
     0 | Abyss:1  | Ayyar the Human Abyssal Knight began the quest for the Orb.
     0 | Abyss:1  | Reached XP level 1. HP: 18/18 MP: 2/2
   100 | Abyss:2  | Noticed a neqoxec
   102 | D:1      | Escaped the Abyss
   296 | D:1      | Reached XP level 2. HP: 24/24 MP: 3/3
   602 | D:1      | Reached * piety under Lugonu
   652 | D:1      | Found a faded altar of an unknown god.
  1064 | D:2      | Reached XP level 3. HP: 29/29 MP: 4/4
  1903 | D:3      | Killed from afar by an orc priest

Illustrated notes

Levels and vault maps discovered:
D:1:      dpeg_arrival_arbitrary_a, layout_loops_ring,
          shapermc_ecumenical_altar_mp_urbaneastern
D:2:      layout_basic
D:3:      layout_rooms, mainiacjoe_overflow_tiny_flanked

Action                   || total
-------------------------++-------
Melee: Falchion          ||    68
Throw: Dart              ||    25
Invok: Depart the Abyss  ||     1
 Stab: Sleeping          ||     1
Armor: Leather armour    ||    14
Dodge: Dodged            ||    44
